[Event "ICC tourney 1904 (10 3)"]
[Site "Internet Chess Club"]
[Date "2020.07.05"]
[Round "2"]
[White "Ben2008"]
[Black "xiaow"]
[Result "1-0"]
[ICCResult "Black resigns"]
[WhiteElo "1280"]
[BlackElo "1343"]
[Opening "Sicilian"]
[ECO "B54"]
[NIC "SI.01"]
[Time "12:41:09"]
[TimeControl "600+3"]

1. e4 c5 2. Nf3 d6 3. d4 cxd4 4. Nxd4 a6 5. Nc3 b5 6. Be3 Nf6 7. f3 Bb7 8.
Be2 e6 9. O-O Be7 10. a3 O-O 11. Qd2 Nbd7 12. Kh1 Nb6 13. b3 Rc8 14. Rfd1
Nfd7 15. Rac1 Qc7 16. Na2 d5 17. exd5 Nxd5 18. Nb4 Nxe3 19. Qxe3 Bxb4 20.
axb4 Nf6 21. c4 bxc4 22. bxc4 Rfd8 23. Nb3 Ba8 24. Nc5 Qb6 25. Qa3 Bb7 26.
Nxb7 Qxb7 27. Rxd8+ Rxd8 28. c5 Rb8 29. Bxa6 Qxb4 30. Qxb4 Rxb4 31. Kg1 Nd5
32. c6 Nc7 33. Bb7 Kf8 34. Kf2 Ke7 35. Rd1 Nd5 36. Rxd5 exd5 37. c7 Rxb7 38.
c8=Q Rd7 39. Qc5+ Ke8 40. Ke3 h5 41. Qd4 g6 42. Qh8+ Ke7 43. Kd4 Rd6 44.
Qe5+ Kd7 45. Qe3 Re6 46. Qf4 Ke7 47. Kxd5 Rf6 48. Qc7+ Kf8 49. Qd8+ Kg7 50.
Ke5 Re6+ 51. Kf4 Rf6+ 52. Kg3 Re6 53. Qd4+ Kf8 54. f4 Kg8 55. Qd3 Kg7 56. f5
Rf6 57. fxg6 fxg6 58. Kh4 Rf5 59. Qxf5 gxf5 60. Kg5 {Black resigns} 1-0

[Event "ICC tourney 1904 (10 3)"]
[Site "Internet Chess Club"]
[Date "2020.07.05"]
[Round "2"]
[White "Lock5"]
[Black "squaling"]
[Result "1-0"]
[ICCResult "Black forfeits on time"]
[WhiteElo "1367"]
[BlackElo "1205"]
[Opening "KGD: Falkbeer counter-gambit"]
[ECO "C31"]
[NIC "KG.04"]
[Time "12:40:54"]
[TimeControl "600+3"]

1. e4 e5 2. f4 d5 3. exd5 exf4 4. d4 Bd6 5. Nf3 Nf6 6. c4 Bf5 7. Bd3 Bg6 8.
O-O Nbd7 9. Re1+ Be7 10. Bxf4 O-O 11. Nc3 Bb4 12. Qc2 Re8 13. Bg5 Bxd3 14.
Qxd3 h6 15. Bh4 Bxc3 16. Qxc3 Qc8 17. Qd3 b6 18. Rxe8+ Qxe8 19. Re1 Qf8 20.
a3 Re8 21. Ne5 Nxe5 22. dxe5 Nd7 23. Bg3 Qc5+ 24. Kh1 Qa5 25. b4 Qa4 26. e6
fxe6 27. dxe6 Nf6 28. e7 Qc6 29. h3 Nh5 30. Bh2 Qf6 31. Bxc7 Rxe7 32. Qd8+
Kh7 33. Qxe7 Qf2 34. Qe4+ Kh8 35. Rd1 Qf8 36. Rd8 Qxd8 37. Bxd8 Ng3+ 38. Kg1
Nxe4 39. Bc7 Nc3 40. Bb8 a6 41. Ba7 Na4 42. Kf2 Nb2 43. c5 bxc5 44. bxc5 Nc4
45. c6 Nd6 46. c7 Nc8 47. Bc5 Kg8 48. Ke3 Kf7 49. Ke4 g6 50. Kd5 Ke8 51. Kc6
h5 52. Kb7 Kd7 53. a4 a5 54. Ba3 g5 55. Bc5 g4 56. h4 g3 57. Ba3
{Black forfeits on time}
1-0

[Event "ICC tourney 1904 (10 3)"]
[Site "Internet Chess Club"]
[Date "2020.07.05"]
[Round "2"]
[White "steinutz"]
[Black "chesslead"]
[Result "0-1"]
[ICCResult "White checkmated"]
[WhiteElo "1603"]
[BlackElo "1563"]
[Opening "Torre attack (Tartakower variation)"]
[ECO "D03"]
[NIC "QP.08"]
[Time "12:41:03"]
[TimeControl "600+3"]

1. d4 d5 2. Bg5 Nf6 3. Nf3 e6 4. e3 Be7 5. Nbd2 Nbd7 6. Bd3 O-O 7. c3 c5 8.
Qe2 b6 9. O-O Bb7 10. Rfe1 Ne4 11. Bf4 Rc8 12. Rad1 c4 13. Bb1 Re8 14. Nxe4
dxe4 15. Nd2 f5 16. Nxc4 Ba6 17. b3 Nf6 18. Qb2 Bxc4 19. bxc4 Rxc4 20. Be5
Nd7 21. Bg3 Nf6 22. Be5 Nd5 23. Rc1 Qc8 24. Bc2 Rxc3 25. Bb3 Bb4 26. a3 Ba5
27. Red1 Qc6 28. Rxc3 Nxc3 29. Rc1 Ne2+ 30. Qxe2 Qxc1+ 31. Bd1 Rc8 32. g4
Qxa3 33. Kg2 Rc1 34. gxf5 exf5 35. Qh5 Qe7 36. Bb3+ Kh8 37. Qxf5 Qe8 38. Bf7
Qf8 39. Qe6 b5 40. d5 Qc8 41. d6 Qxe6 42. Bxe6 Bd8 43. Kg3 b4 44. d7 Rb1 45.
Kf4 b3 46. Kxe4 a5 47. Kd3 a4 48. Kc3 Be7 49. Bd6 Bf6+ 50. Kb4 b2 51. Kxa4
Ra1+ 52. Kb3 b1=Q+ 53. Kc4 Qc2+ 54. Kd5 Rd1# {White checkmated} 0-1

[Event "ICC tourney 1904 (10 3)"]
[Site "Internet Chess Club"]
[Date "2020.07.05"]
[Round "2"]
[White "Grinch81"]
[Black "CheddarCheng1"]
[Result "1-0"]
[ICCResult "Black resigns"]
[WhiteElo "1147"]
[BlackElo "1352"]
[Opening "King's Indian: fianchetto, classical variation, 8.e4"]
[ECO "E68"]
[NIC "KI.64"]
[Time "12:41:49"]
[TimeControl "600+3"]

1. d4 Nf6 2. Nf3 g6 3. c4 Bg7 4. Nc3 d6 5. g3 O-O 6. Bg2 Nbd7 7. O-O e5 8.
e4 Ne8 9. d5 f5 10. exf5 gxf5 11. Ng5 Ndf6 12. f4 e4 13. Be3 h6 14. Ne6 Bxe6
15. dxe6 Qe7 16. Qb3 b6 17. Bh3 Qxe6 18. Rad1 Kh8 19. Nd5 c6 20. Nc3 Nc7 21.
Rd2 Rad8 22. Rfd1 d5 23. cxd5 cxd5 24. Qa4 Rd7 25. Qxa7 Nb5 26. Qxb6 Qxb6
27. Bxb6 Nxc3 28. bxc3 Rb8 29. Bd4 Rf7 30. Bxf5 Nh5 31. Be6 Bxd4+ 32. Rxd4
Rg7 33. Kf2 Rb2+ 34. R1d2 Rb8 35. Bxd5 Rc8 36. c4 Nf6 37. Ke3 Re7 38. h3 h5
39. Rg2 Rd8 40. g4 hxg4 41. hxg4 Rg7 42. g5 Nxd5+ 43. cxd5 Ra8 44. Kxe4 Re8+
45. Kf5 Kg8 46. d6 Rd8 47. g6 Kf8 48. Kg5 Rdd7 49. f5 Ke8 50. f6 {Black
resigns} 1-0

[Event "ICC tourney 1904 (10 3)"]
[Site "Internet Chess Club"]
[Date "2020.07.05"]
[Round "2"]
[White "messyblaster"]
[Black "knighthawkmill"]
[Result "0-1"]
[ICCResult "White forfeits on time"]
[WhiteElo "1361"]
[BlackElo "1516"]
[Opening "King's Indian: Kazakh variation"]
[ECO "E91"]
[NIC "KI.19"]
[Time "12:41:49"]
[TimeControl "600+3"]

1. d4 Nf6 2. c4 g6 3. Nc3 Bg7 4. e4 d6 5. Nf3 O-O 6. Be2 Na6 7. O-O c5 8. d5
Nc7 9. Bf4 a6 10. a4 Rb8 11. Qc2 Bd7 12. Rab1 b5 13. axb5 axb5 14. b3 Nh5
15. Bd2 b4 16. Nd1 Ra8 17. Bc1 e6 18. Bb2 e5 19. Bc1 f5 20. Nd2 Nf4 21. Bf3
Qe7 22. g3 Nh3+ 23. Kh1 Ng5 24. Bg2 fxe4 25. Nxe4 Nf3 26. Qd3 Nd4 27. Be3
Bf5 28. Bxd4 exd4 29. f3 Ne8 30. g4 Bd7 31. Ndf2 Nf6 32. Nxf6+ Qxf6 33. Ne4
Qf4 34. Qd2 Be5 35. Qxf4 Bxf4 36. Ra1 Ra3 37. Rxa3 bxa3 38. Ra1 Ra8 39. Kg1
Be5 40. h3 a2 41. f4 Bxf4 42. Nf2 Be3 43. Kf1 g5 44. Ke2 Be8 45. Nd3 Bg6 46.
Bf3 Ra3 {White forfeits on time} 0-1

[Event "ICC tourney 1904 (10 3)"]
[Site "Internet Chess Club"]
[Date "2020.07.05"]
[Round "2"]
[White "atharvamchess"]
[Black "babu12020"]
[Result "0-1"]
[ICCResult "White resigns"]
[WhiteElo "1255"]
[BlackElo "1301"]
[Opening "Queen's pawn: London system"]
[ECO "A45"]
[NIC "QP.07"]
[Time "12:41:01"]
[TimeControl "600+3"]

1. d4 Nf6 2. Bf4 g6 3. e3 Bg7 4. Bd3 d6 5. c3 Nbd7 6. Nd2 O-O 7. Ngf3 Re8 8.
O-O c5 9. h3 b6 10. Ne4 Bb7 11. Nxf6+ Nxf6 12. Re1 Rc8 13. dxc5 bxc5 14. Bb5
Rf8 15. Qe2 Rb8 16. a4 Qa5 17. Reb1 Be4 18. Bd3 Rb7 19. Bxe4 Nxe4 20. Qc2
Nf6 21. e4 Nd7 22. Qd2 Rfb8 23. Ra2 Bxc3 24. Qc2 Bg7 25. Qc1 Qb4 26. Bh6
Qxe4 27. Bxg7 Kxg7 28. Qc3+ Nf6 29. Raa1 Qb4 30. Qc2 a5 31. Nd2 Qd4 32. Nf3
Qe4 33. Qc3 Qb4 34. Qc2 h6 35. Nd2 d5 36. Qc3 Qxc3 37. bxc3 Rxb1+ 38. Rxb1
Rxb1+ 39. Nxb1 Ne4 40. f3 Nd6 41. Kf2 Kf6 42. Ke3 Ke5 43. f4+ Ke6 44. g4
Nc4+ 45. Kd3 Nb6 46. Na3 Nxa4 47. c4 Nb2+ 48. Kc3 Nxc4 49. Nxc4 dxc4 50.
Kxc4 Kd6 51. f5 gxf5 52. gxf5 e6 53. f6 Ke5 54. Kxc5 Kxf6 55. Kb5 Kg5 56.
Kxa5 Kh4 57. Kb6 Kxh3 58. Kc6 Kg3 59. Kd6 h5 60. Ke7 h4 61. Kxf7 e5 62. Kf6
e4 63. Kg5 e3 64. Kh5 e2 65. Kh6 e1=Q 66. Kh7 Qe6 67. Kh8 Qe7 68. Kg8 Kg4
69. Kh8 Kg5 {White resigns} 0-1

[Event "ICC tourney 1904 (10 3)"]
[Site "Internet Chess Club"]
[Date "2020.07.05"]
[Round "2"]
[White "NonnaThat"]
[Black "atippa"]
[Result "1-0"]
[ICCResult "Black resigns"]
[WhiteElo "1857"]
[BlackElo "1383"]
[Opening "Ruy Lopez: closed, Breyer, Borisenko variation"]
[ECO "C95"]
[NIC "RL.25"]
[Time "12:41:18"]
[TimeControl "600+3"]

1. e4 e5 2. Nf3 Nc6 3. Bb5 a6 4. Ba4 Nf6 5. O-O Be7 6. Re1 d6 7. h3 b5 8.
Bb3 O-O 9. c3 Nb8 10. d4 Nbd7 11. Nbd2 Bb7 12. Bc2 Re8 13. Nf1 Bf8 14. Ng3
g6 15. Nh2 Bg7 16. Ng4 Nxg4 17. hxg4 c5 18. d5 Nf6 19. g5 Nd7 20. f4 exf4
21. Bxf4 Be5 22. Qg4 Bc8 23. Kf2 Nf6 24. Qf3 Bg4 25. Qe3 Nh5 26. Nxh5 Bxh5
27. Rh1 b4 28. Rh4 bxc3 29. Bxe5 Rxe5 30. g4 cxb2 31. Rah1 Qxg5 32. gxh5
Qxe3+ 33. Kxe3 Rxh5 34. Rxh5 gxh5 35. Rxh5 Rb8 36. Rh1 c4 37. Kd4 Rc8 38.
Kc3 Rb8 39. Kxc4 Kg7 40. e5 dxe5 41. Rxh7+ Kf6 42. Bb1 e4 43. Kd4 Rc8 44.
Rh2 Rb8 45. Kxe4 Kg5 46. d6 f5+ 47. Ke5 f4 48. Rg2+ Kh4 49. Kxf4 Rf8+ 50.
Ke5 Rb8 51. Ke6 Kh3 52. Rd2 Kg3 53. d7 {Black resigns} 1-0

[Event "ICC tourney 1904 (10 3)"]
[Site "Internet Chess Club"]
[Date "2020.07.05"]
[Round "2"]
[White "hackerguru"]
[Black "tigerche207"]
[Result "1-0"]
[ICCResult "Black checkmated"]
[WhiteElo "1391"]
[BlackElo "1358"]
[Opening "R?ti opening"]
[ECO "A09"]
[NIC "QP.09"]
[Time "12:41:12"]
[TimeControl "600+3"]

1. Nf3 d5 2. c4 Nf6 3. cxd5 Nxd5 4. e4 Nb6 5. d4 Bg4 6. Be3 e6 7. Nc3 Nc6 8.
Bb5 a6 9. Be2 Be7 10. O-O O-O 11. h3 Bxf3 12. Bxf3 Bg5 13. d5 Ne5 14. Bxg5
Qxg5 15. Be2 Qh6 16. dxe6 fxe6 17. Qb3 Rad8 18. Rad1 Rxd1 19. Rxd1 Qf6 20.
Rf1 Nc6 21. f4 Nd4 22. Qd1 Rd8 23. e5 Qg6 24. Qe1 Qc2 25. Bg4 Qxb2 26. Ne4
Qb5 27. Qh4 Qd5 28. Rd1 Re8 29. Bh5 Rf8 30. Ng5 h6 31. Nxe6 Qxe6 32. Rxd4
Qxa2 33. Kh2 Qe6 34. Bg4 Qc6 35. Rd8 Qc5 36. e6 Nd5 37. f5 Qe7 38. Rxf8+
Kxf8 39. Qe1 Qd6+ 40. Kh1 b5 41. Qh4 b4 42. Qh5 Qe7 43. Qg6 Qf6 44. Qh7 Ke7
45. Qg8 Qf8 46. Qh7 b3 47. Bd1 b2 48. Bc2 Ne3 49. Bb1 c5 50. Qg6 Qf6 51. Qg3
Nxf5 52. Qc7+ Ke8 53. Bxf5 Qe7 54. Bg6+ Kf8 55. Qc8+ Qd8 56. Qxd8#
{Black checkmated}
1-0

[Event "ICC tourney 1904 (10 3)"]
[Site "Internet Chess Club"]
[Date "2020.07.05"]
[Round "2"]
[White "jojoraman"]
[Black "SuperBlueSky"]
[Result "0-1"]
[ICCResult "White checkmated"]
[WhiteElo "1156"]
[BlackElo "1291"]
[Opening "Scotch game"]
[ECO "C45"]
[NIC "SO.05"]
[Time "12:40:58"]
[TimeControl "600+3"]

1. e4 e5 2. Nf3 Nc6 3. d4 exd4 4. Nxd4 Bc5 5. Be3 Qf6 6. c3 Nge7 7. Be2 d6
8. O-O Bb6 9. Na3 Nxd4 10. cxd4 Nc6 11. Bb5 Bd7 12. Nc4 O-O 13. Nxb6 axb6
14. d5 Ne5 15. Bxd7 Nxd7 16. Bd4 Qg6 17. Qf3 Rfe8 18. Rfe1 Nc5 19. Bxc5 bxc5
20. b3 Re5 21. Re3 Rae8 22. Rae1 f6 23. Qh3 h6 24. f3 Qg5 25. Qg3 Rxd5 26.
exd5 Rxe3 27. Qxg5 Rxe1+ 28. Kf2 hxg5 29. Kxe1 Kf7 30. Kd2 f5 31. Kd3 Kf6
32. a3 Ke5 33. Kc4 Kf4 34. Kd3 g4 35. fxg4 Kxg4 36. Ke3 g5 37. a4 b6 38. Kf2
Kf4 39. g3+ Ke5 40. Ke3 Kxd5 41. Kd3 Ke5 42. Ke3 g4 43. Kd3 d5 44. Ke3 c4
45. b4 d4+ 46. Kd2 Kd5 47. Kc2 c5 48. bxc5 Kxc5 49. Kb2 Kb4 50. Kc2 Kxa4 51.
Kb2 Kb4 52. Kc2 d3+ 53. Kd2 Kb3 54. Kc1 Kc3 55. h4 gxh3 56. g4 fxg4 57. Kb1
d2 58. Ka2 d1=Q 59. Ka3 Qb3# {White checkmated} 0-1

[Event "ICC tourney 1904 (10 3)"]
[Site "Internet Chess Club"]
[Date "2020.07.05"]
[Round "2"]
[White "StevChess01"]
[Black "kralj8"]
[Result "0-1"]
[ICCResult "White checkmated"]
[WhiteElo "1319"]
[BlackElo "1521"]
[Opening "QGD: Ragozin variation"]
[ECO "D38"]
[NIC "NI.27"]
[Time "12:40:57"]
[TimeControl "600+3"]

1. d4 d5 2. c4 e6 3. Nc3 Bb4 4. Nf3 Nf6 5. Bg5 h6 6. Bxf6 Qxf6 7. e3 O-O 8.
Bd3 b6 9. cxd5 exd5 10. O-O Bb7 11. Qb3 Bxc3 12. Qxc3 c5 13. Rac1 Rc8 14. b3
Nd7 15. Qd2 c4 16. Bb1 a5 17. bxc4 dxc4 18. e4 b5 19. e5 Qe7 20. Qf4 c3 21.
Bd3 b4 22. Qf5 g6 23. Qf4 Kg7 24. Qg3 a4 25. Nh4 Qg5 26. Qxg5 hxg5 27. Nf3
g4 28. Ng5 b3 29. Ne4 b2 30. Rxc3 Bxe4 31. Rxc8 Bxd3 32. Rxa8 Bxf1 33. Kxf1
b1=Q+ 34. Ke2 Qxa2+ 35. Ke3 Qb3+ 36. Kf4 a3 37. Ra7 a2 38. Kxg4 Qd1+ 39. Kg3
a1=Q 40. Rxd7 Qdxd4 41. Rxd4 Qxd4 42. f4 g5 43. fxg5 Qxe5+ 44. Kg4 f5+ 45.
Kh4 Qxh2# {White checkmated} 0-1

[Event "ICC tourney 1904 (10 3)"]
[Site "Internet Chess Club"]
[Date "2020.07.05"]
[Round "2"]
[White "Benranger2011"]
[Black "shamith"]
[Result "1/2-1/2"]
[ICCResult "Game drawn by mutual agreement"]
[WhiteElo "1465"]
[BlackElo "1321"]
[Opening "Queen's pawn game"]
[ECO "E10"]
[NIC "QI.01"]
[Time "12:41:49"]
[TimeControl "600+3"]

1. d4 Nf6 2. c4 e6 3. Nf3 d5 4. e3 Be7 5. g3 O-O 6. Bg2 c6 7. O-O dxc4 8.
Nfd2 b5 9. a4 Nd5 10. b3 cxb3 11. Qxb3 Qb6 12. axb5 Qxb5 13. Qxb5 cxb5 14.
e4 Nf6 15. e5 Nd5 16. Nc3 Bb7 17. Nxb5 Nc6 18. Bxd5 exd5 19. Nc7 Rad8 20.
Nf3 Rd7 21. Nb5 a6 22. Nc3 Rc8 23. Ba3 Nxd4 24. Nxd4 Rxc3 25. Bxe7 Rxe7 26.
f4 Rec7 27. Rfb1 R3c4 28. Nf5 R4c6 29. Nd6 Bc8 30. Rb8 f6 31. Nxc8 Rxc8 32.
Rxc8+ Rxc8 33. exf6 gxf6 34. Rxa6 Kf7 35. Rd6 Rc5 36. Kf2 Ke7 37. Ra6 Rc2+
{Game drawn by mutual agreement}
1/2-1/2

[Event "ICC tourney 1904 (10 3)"]
[Site "Internet Chess Club"]
[Date "2020.07.05"]
[Round "2"]
[White "LChessMaster"]
[Black "mdbgaccp"]
[Result "1/2-1/2"]
[ICCResult "Game drawn by repetition"]
[WhiteElo "1527"]
[BlackElo "1564"]
[Opening "Alekhine's defense"]
[ECO "B03"]
[NIC "AL.09"]
[Time "12:41:10"]
[TimeControl "600+3"]

1. e4 Nf6 2. e5 Nd5 3. d4 d6 4. exd6 exd6 5. Nf3 Be7 6. Bc4 Nb6 7. Bb3 O-O
8. O-O Bf6 9. c3 Re8 10. Be3 Nc6 11. Bc2 g6 12. Nbd2 Nd5 13. Bh6 Nce7 14.
Ne4 Bg7 15. Bxg7 Kxg7 16. c4 Nb6 17. d5 Nf5 18. b3 Nd7 19. Ng3 Nxg3 20. fxg3
Ne5 21. Nxe5 Rxe5 22. Qf3 Qe7 23. Rf2 Bf5 24. Bxf5 Rxf5 25. Qc3+ Qf6 26.
Qxf6+ Kxf6 27. Re1 Rxf2 28. Kxf2 c6 29. dxc6 bxc6 30. Kf3 a5 31. Kf4 a4 32.
Rd1 axb3 33. axb3 Ke7 34. Kg5 Ra2 35. Rd3 f6+ 36. Kh6 Rxg2 37. h4 Rh2 38.
Kxh7 g5 39. Kg6 gxh4 40. gxh4 Rxh4 41. Re3+ Kd7 42. Kxf6 Rd4 43. Rh3 c5 44.
Rh7+ Kc6 45. Rh3 Kb6 46. Ke6 Ka5 47. Rh8 Rd3 48. Rb8 Ka6 49. Kd7 Ka7 50. Rb5
Ka6 51. Kc7 Rd4 52. Rb6+ Ka5 53. Rxd6 Rh4 54. Rd3 Kb4 55. Kc6 Rh6+ 56. Rd6
Rh3 57. Rd5 Rxb3 58. Rxc5 Rc3 59. Kd5 Rd3+ 60. Ke4 Rc3 61. Kd4 Rc1 62. Rc8
Rd1+ 63. Ke3 Rc1 64. Kd3 Rd1+ 65. Ke4 Rc1 66. Kd5 Rd1+ 67. Ke4 Rc1 68. Rb8+
Kc5 69. Kd3 Rd1+ 70. Kc2 Rh1 71. Rc8+ Kd4 72. c5 Rh5 73. c6 Rc5+ 74. Kb3 Kd5
75. c7 Kd6 76. Kb4 Rxc7 77. Rd8+ Rd7 78. Rh8 Kc7 79. Kc5 Rg7 80. Rh5 Kd7 81.
Rd5+ Kc7 82. Re5 Kb7 83. Kb5 Kc7 84. Rc5+ Kb7 85. Rf5 Kc7 86. Rf6 Kb7 87.
Rb6+ Kc7 88. Ka6 Rg1 89. Rb7+ Kc6 90. Rb6+ Kc7 91. Rb7+ Kc6 92. Rb6+ Kc7 93.
Rb7+ Kc6 94. Rb6+ {Game drawn by repetition} 1/2-1/2

[Event "ICC tourney 1904 (10 3)"]
[Site "Internet Chess Club"]
[Date "2020.07.05"]
[Round "2"]
[White "Zwish"]
[Black "HenriVZ"]
[Result "0-1"]
[ICCResult "White resigns"]
[WhiteElo "1092"]
[BlackElo "1496"]
[Opening "Anderssen's opening"]
[ECO "A00"]
[NIC "VO.14"]
[Time "12:41:05"]
[TimeControl "600+3"]

1. a3 e5 2. c4 Nf6 3. e3 d5 4. cxd5 Nxd5 5. Qc2 Nc6 6. Nf3 Bg4 7. Bb5 Qf6 8.
Bxc6+ bxc6 9. Nxe5 Bd7 10. f4 Be7 11. O-O Rd8 12. b4 O-O 13. Bb2 Qh6 14. Rf3
Bf6 15. Bd4 Bxe5 16. Bxe5 f6 17. Bd4 a6 18. Nc3 Qg6 19. d3 Qf7 20. Ne4 Ne7
21. Nc5 Ng6 22. Nxa6 Rfe8 23. Nxc7 Re7 24. Bc5 Bg4 25. Bxe7 Qxe7 26. Qxc6
Bxf3 27. gxf3 Qxe3+ 28. Kh1 Nxf4 29. Qc4+ Kh8 30. Qe4 Qd2 31. Rg1 Nxd3 32.
Qh4 Nf2+ 33. Kg2 Ng4+ 34. Kg3 Qf2+ 35. Kxg4 Rd4+ 36. Kf5 Qxh4 37. b5 g6+ 38.
Ke6 Qf2 39. Rc1 Qe3+ 40. Kxf6 Rd6+ 41. Kf7 Qxc1 42. Ke7 Qxc7+ {White
resigns} 0-1

[Event "ICC tourney 1904 (10 3)"]
[Site "Internet Chess Club"]
[Date "2020.07.05"]
[Round "2"]
[White "Viking21"]
[Black "ullchen"]
[Result "1-0"]
[ICCResult "Black resigns"]
[WhiteElo "1541"]
[BlackElo "1536"]
[Opening "Caro-Kann: exchange variation"]
[ECO "B13"]
[NIC "CK.02"]
[Time "12:40:59"]
[TimeControl "600+3"]

1. e4 c6 2. d4 d5 3. exd5 cxd5 4. Bd3 Nc6 5. c3 Qc7 6. h3 Nf6 7. Nf3 g6 8.
Na3 a6 9. Nc2 Bg7 10. Be3 Bf5 11. Bxf5 gxf5 12. Qd3 e6 13. Qd2 Ne4 14. Qe2
O-O-O 15. Nb4 Qb6 16. Nxc6 Qxc6 17. O-O h5 18. a4 Bh6 19. c4 f4 20. Ne5 Qe8
21. cxd5 fxe3 22. Qc2+ Kb8 23. Qxe4 exd5 24. Qf3 e2 25. Rfe1 f6 26. Qxf6 Qf8
27. Qxf8 Rhxf8 28. Rxe2 Bg7 29. Rc1 Bxe5 30. Rxe5 h4 31. Re7 Rc8 32. Rc5
Rxc5 33. dxc5 Rd8 34. Kf1 d4 35. Ke2 d3+ 36. Kd2 Rf8 37. Kxd3 Rxf2 38. Re2
Rf1 39. b3 Kc7 40. Re4 Rf2 41. Re2 Rf1 42. Ke3 Rb1 43. Kf2 Rxb3 44. Re4 Rb2+
45. Kf1 Rb1+ 46. Ke2 Rc1 47. Rxh4 Rxc5 48. Rd4 b5 49. g4 Rc2+ 50. Kf3 Rc3+
51. Kg2 bxa4 52. Rxa4 Kb6 53. g5 Rc6 54. h4 Kb5 55. Ra1 Rg6 56. Kf3 a5 57.
Kf4 a4 58. h5 Rc6 59. g6 Kb4 60. g7 Rc8 61. h6 Kb3 62. h7 Kb2 63. Rxa4 Kb3
64. Ra7 Rc4+ 65. Kf5 Rc5+ 66. Kf6 Rc6+ 67. Kf7 Rc4 68. g8=Q Rf4+ 69. Ke7+
Kc3 70. Rc7+ Kd3 71. Qd5+ Rd4 72. Qxd4+ Kxd4 73. h8=Q+ {Black resigns} 1-0

[Event "ICC tourney 1904 (10 3)"]
[Site "Internet Chess Club"]
[Date "2020.07.05"]
[Round "2"]
[White "Sricharan07"]
[Black "pipandchuk"]
[Result "1-0"]
[ICCResult "Black resigns"]
[WhiteElo "1564"]
[BlackElo "1365"]
[Opening "Ruy Lopez: closed, Averbach variation"]
[ECO "C79"]
[NIC "RL.16"]
[Time "12:41:08"]
[TimeControl "600+3"]

1. e4 e5 2. Nf3 Nc6 3. Bb5 a6 4. Ba4 Nf6 5. O-O d6 6. Re1 Be7 7. c3 Bd7 8.
h3 O-O 9. d4 Re8 10. Nbd2 b5 11. Bc2 Bf8 12. Nf1 h6 13. Ng3 Rb8 14. d5 Ne7
15. a4 b4 16. Bd2 bxc3 17. bxc3 c6 18. c4 cxd5 19. cxd5 Ng6 20. Bd3 Qc8 21.
Rc1 Qb7 22. Rb1 Qa8 23. Ne2 Rec8 24. Rxb8 Rxb8 25. Nc3 Be8 26. Qe2 Rb4 27.
a5 Nd7 28. Nd1 Ra4 29. Bxa6 Nc5 30. Bd3 Ra2 31. Bc4 Rxa5 32. Bxa5 Qxa5 33.
g3 Bd7 34. Kg2 h5 35. Nb2 h4 36. Nd3 Nxd3 37. Qxd3 Qd8 38. Qe3 Qc8 39. Bf1
Bxh3+ 40. Kg1 hxg3 41. fxg3 Bg4 42. Nh2 Be7 43. Nxg4 Qxg4 44. Be2 Qh3 45.
Bf1 Qg4 46. Bg2 Bg5 47. Qf3 Qc8 48. Rf1 Qc5+ 49. Kh1 Qc7 50. Qf5 Bf6 51. Bh3
Qc2 52. Qc8+ Qxc8 53. Bxc8 Be7 54. Bf5 Nf8 55. Rc1 g6 56. Bg4 Nh7 57. Rc8+
Kg7 58. Kg2 Ng5 59. Rc7 Kf6 60. Bf3 Bf8 61. Rd7 Be7 62. Kf2 Nh7 63. Ra7 Bd8
64. Ra8 Bb6+ 65. Kg2 Bc5 66. Rb8 Ng5 67. Rb7 Nh7 68. Kf1 Ng5 69. Ke2 Nh3 70.
Bg2 Ng5 71. Kd3 Kg7 72. Kc4 Kh6 73. g4 Kg7 74. Rc7 Ba3 75. Rc6 Kf6 76. Kb3
Bc5 77. Kc4 Ba3 78. Kd3 Bc5 79. Rc7 Bb6 80. Rb7 Bc5 81. Kc4 Nh7 82. Rc7 Nf8
83. Rb7 g5 84. Bf3 Ng6 85. Rc7 Nf4 86. Rc6 Ke7 87. Rc7+ Kf6 88. Rc8 Ng6 89.
Kb5 Ke7 90. Rc7+ Kf6 91. Kc6 Nh4 92. Be2 Ng2 93. Rc8 Nf4 94. Bf3 Ke7 95.
Rc7+ Kf6 96. Kd7 Ng6 97. Ke8 Nh8 98. Rd7 Kg7 99. Be2 Kf6 100. Bb5 Kg7 101.
Rc7 Kf6 102. Rxc5 dxc5 103. d6 {Black resigns} 1-0

[Event "ICC tourney 1904 (10 3)"]
[Site "Internet Chess Club"]
[Date "2020.07.05"]
[Round "3"]
[White "CheddarCheng1"]
[Black "xiaow"]
[Result "0-1"]
[ICCResult "White resigns"]
[WhiteElo "1341"]
[BlackElo "1371"]
[Opening "Sicilian: Najdorf"]
[ECO "B90"]
[NIC "SI.14"]
[Time "13:15:26"]
[TimeControl "600+3"]

1. e4 c5 2. Nf3 d6 3. d4 cxd4 4. Nxd4 a6 5. Nc3 Nf6 6. f3 b5 7. Be3 Bb7 8.
Qd2 e6 9. g4 Be7 10. O-O-O Nc6 11. h4 Nd7 12. g5 Nb6 13. h5 Ne5 14. f4 Nec4
15. Bxc4 Nxc4 16. Qe2 Nxe3 17. Qxe3 Qc7 18. g6 Bf6 19. gxf7+ Kxf7 20. e5
dxe5 21. fxe5 Qxe5 22. Qxe5 Bxe5 23. Rhf1+ Ke7 24. Rfe1 Bxd4 25. Rxd4 Rad8
26. Rxd8 Rxd8 27. b3 Rc8 28. Kb2 Rc5 29. h6 gxh6 30. Rh1 Bxh1 {White
resigns} 0-1

[Event "ICC tourney 1904 (10 3)"]
[Site "Internet Chess Club"]
[Date "2020.07.05"]
[Round "3"]
[White "capetarget"]
[Black "MonkeyTown"]
[Result "0-1"]
[ICCResult "White resigns"]
[WhiteElo "1481"]
[BlackElo "1373"]
[Opening "French: exchange variation"]
[ECO "C01"]
[NIC "FR.01"]
[Time "13:15:29"]
[TimeControl "600+3"]

1. e4 e6 2. d4 d5 3. exd5 exd5 4. Nf3 Nf6 5. Bd3 Be7 6. O-O O-O 7. Ne5 Nc6
8. f4 Nxd4 9. Bxh7+ Nxh7 10. Qxd4 Nf6 11. Kh1 Bf5 12. c3 c5 13. Qd1 Rc8 14.
Nd2 Qb6 15. Ndf3 Rcd8 16. Ng5 c4 17. Qe2 Ne4 18. Nxe4 Bxe4 19. Nxc4 Qb5 20.
b3 Rde8 21. Qh5 Bg6 22. a4 Bxh5 23. axb5 dxc4 24. bxc4 Be2 25. Re1 Bxc4 26.
Rxa7 Bxb5 27. Rxb7 Bh4 28. Rxe8 Rxe8 29. g3 Bc6+ {White resigns} 0-1

[Event "ICC tourney 1904 (10 3)"]
[Site "Internet Chess Club"]
[Date "2020.07.05"]
[Round "3"]
[White "Oliver0731"]
[Black "saisneha"]
[Result "0-1"]
[ICCResult "White resigns"]
[WhiteElo "1307"]
[BlackElo "1415"]
[Opening "Scotch game"]
[ECO "C45"]
[NIC "SO.05"]
[Time "13:16:05"]
[TimeControl "600+3"]

1. e4 e5 2. Nf3 Nc6 3. d4 exd4 4. Nxd4 Bc5 5. Bd2 Bxd4 6. c3 Bb6 7. Qg4 Qf6
8. f3 d6 9. Qg3 Nge7 10. Bg5 Qg6 11. h4 h6 12. h5 Qxg5 {White resigns} 0-1

[Event "ICC tourney 1904 (10 3)"]
[Site "Internet Chess Club"]
[Date "2020.07.05"]
[Round "3"]
[White "Aidenrchess"]
[Black "kaleblancman"]
[Result "0-1"]
[ICCResult "White resigns"]
[WhiteElo "1445"]
[BlackElo "1718"]
[Opening "Caro-Kann: advance variation"]
[ECO "B12"]
[NIC "CK.04"]
[Time "13:15:11"]
[TimeControl "600+3"]

1. e4 c6 2. d4 d5 3. e5 Bf5 4. h4 h5 5. Bd3 Bxd3 6. Qxd3 e6 7. Bg5 Qb6 8.
Nd2 c5 9. c4 Qxb2 10. Rb1 Qxd4 11. Qxd4 cxd4 12. cxd5 exd5 13. Rxb7 Nd7 14.
Ngf3 Nc5 15. Rb1 f6 16. exf6 gxf6 17. O-O fxg5 18. Rfe1+ Ne7 19. hxg5 Bg7
20. Nh4 Kd7 21. Rxe7+ Kxe7 22. Nf5+ Kf7 23. Rc1 Rac8 24. Nd6+ Ke6 25. Nxc8
Rxc8 26. Nb3 Kd6 {White resigns} 0-1

[Event "ICC tourney 1904 (10 3)"]
[Site "Internet Chess Club"]
[Date "2020.07.05"]
[Round "3"]
[White "PhaseShift"]
[Black "jojoraman"]
[Result "1-0"]
[ICCResult "Black checkmated"]
[WhiteElo "1517"]
[BlackElo "1150"]
[Opening "Queen's pawn game"]
[ECO "D02"]
[NIC "QP.08"]
[Time "13:15:27"]
[TimeControl "600+3"]

1. d4 d5 2. Nf3 e6 3. g3 c5 4. Bg2 Nc6 5. O-O Nf6 6. c4 cxd4 7. cxd5 Nxd5 8.
Nxd4 Nxd4 9. Qxd4 b6 10. e4 Nc7 11. Qxd8+ Kxd8 12. Rd1+ Ke8 13. Bf4 Na6 14.
Nc3 Bb7 15. Nb5 Bc5 16. a3 Bc6 17. Nd6+ Bxd6 18. Bxd6 Rd8 19. Rac1 Bb7 20.
e5 Bxg2 21. Kxg2 Kd7 22. Bb8+ Ke8 23. Bxa7 b5 24. Rxd8+ Kxd8 25. Rc6 Nc7 26.
Bb6 Kd7 27. Rxc7+ Kd8 28. Ra7+ Kc8 29. Ra8+ Kb7 30. Rxh8 Kxb6 31. Rxh7 g6
32. Rxf7 Kc5 33. Rg7 Kd4 34. Rxg6 Kxe5 35. f4+ Kf5 36. Rg5+ Ke4 37. Rxb5 Kd4
38. h4 Kc4 39. a4 Kd4 40. h5 Kc4 41. h6 Kd4 42. h7 e5 43. h8=Q Kd3 44. Qxe5
Kd2 45. Rd5+ Kc2 46. Qc3+ Kb1 47. Rd1+ Ka2 48. Qa3# {Black checkmated} 1-0